 Dungeon Crawl Stone Soup version 0.31-a0-252-gc4385922b5 (webtiles) character file.

Game seed: 4232420505472091435

259 qw the Shooter (level 5, -4/45 HPs)
             Began as a Minotaur Hexslinger on July 12, 2023.
             Was an Initiate of Okawaru.
             Slain by a gnoll
             ... wielding a +2 spear of pain
              (7 damage)
             ... on level 3 of the Dungeon.
             The game lasted 00:01:06 (2849 turns).

qw the Shooter (Minotaur Hexslinger)                Turns: 2849, Time: 00:01:06

Health: -4/45      AC:  7    Str: 12    XL:     5   Next: 95%
Magic:  5/5        EV: 12    Int: 10    God:    Okawaru [......]
Gold:   118        SH:  0    Dex: 15    Spells: 5/6 levels left

rFire   . . .        Y - +1 sling
rCold   . . .        (no shield)
rNeg    + . .        k - +1 leather armour {rN+}
rPois   .            (helmet restricted)
rElec   .            (no cloak)
rCorr   .            f - +2 pair of gloves
SInv    .            (no boots)
Will    .....        (no amulet)
Stlth   +            (no ring)
HPRegen 0.27/turn    (no ring)
MPRegen 0.09/turn

%: no passive effects
@: no status effects
A: horns 2, retaliatory headbutt
a: Renounce Religion


You were on level 3 of the Dungeon.
You worshipped Okawaru.
Okawaru was noncommittal.
You visited 1 branch of the dungeon, and saw 3 of its levels.

You collected 118 gold pieces.


Innate Abilities, Weirdness & Mutations

You have a pair of horns on your head.
You reflexively headbutt those who attack you in melee.


   Skills:
 + Level 3.4 Fighting
 - Level 6.0 Ranged Weapons
 - Level 1.2 Armour
 - Level 2.1 Dodging
 - Level 1.0 Spellcasting
 - Level 2.0 Hexes


You had 5 spell levels left.
You knew the following spells:

 Your Spells              Type           Power      Damage    Failure   Level
a - Slow                  Hex            16%        N/A       19%         1

Your spell library contained the following spells:

 Spells                   Type           Power      Damage    Failure   Level
 Inner Flame              Hex/Fire       2%         N/A       65%         3
 Portal Projectile        Hex/Tloc       4%         N/A       65%         3
 Cause Fear               Hex            2%         N/A       88%         4

Inventory:

Hand Weapons
 Y - a +1 sling (weapon)
Armour
 f - a +2 pair of gloves (worn)
 k - a +1 leather armour of positive energy (worn)
Potions
 b - a potion of enlightenment
 g - a potion of curing
 h - a potion of might
 i - a potion of degeneration {unknown}
 j - a potion of haste {unknown}

Dungeon Overview and Level Annotations

Branches:
Dungeon (3/15)

Altars:
Okawaru


Message History

The gnoll hits you from afar with a +2 spear of pain.
You shoot a sling bullet.
The sling bullet hits the endoplasm but does no damage.
The endoplasm is heavily wounded.
The endoplasm hits you.
The gnoll hits you from afar with a +2 spear of pain.
You shoot a sling bullet. The sling bullet hits the endoplasm.
The endoplasm is severely wounded.
The endoplasm freezes you.
You are frozen.
The gnoll hits you from afar with a +2 spear of pain.
The endoplasm freezes you.
You are frozen.
The gnoll barely misses you.
You shoot a sling bullet. The sling bullet hits the endoplasm.
You kill the endoplasm!
Okawaru accepts your kill.
The gnoll hits you from afar with a +2 spear of pain.
You shoot a sling bullet. The sling bullet hits the gnoll.
The gnoll is lightly wounded.
The gnoll hits you from afar with a +2 spear of pain.
You shoot a sling bullet.
The sling bullet barely misses the gnoll.
The gnoll closely misses you.
You shoot a sling bullet.
The sling bullet closely misses the gnoll.
The gnoll hits you from afar with a +2 spear of pain.
You shoot a sling bullet.
The sling bullet closely misses the gnoll.
The gnoll closely misses you.
You shoot a sling bullet.
The sling bullet hits the gnoll but does no damage.
The gnoll is lightly wounded.
The gnoll hits you from afar with a +2 spear of pain. x2
You shoot a sling bullet.
The sling bullet hits the gnoll but does no damage.
The gnoll hits you from afar with a +2 spear of pain.
You shoot a sling bullet. The sling bullet hits the gnoll.
The gnoll is moderately wounded.
The gnoll hits you from afar with a +2 spear of pain!
You die...

#.....###..###### #.# #.#
'......<).......###########.###.#
#.....###...........)............
#########..%#.#..####............
###...#...#.#..####..###...##.#
###.#.#.....#.#.............:....
..................###..###...##.#
.............................##.#
#.#.##......#.#.@.##.............
#.#.##......#.#.).###..###...##.#
#.#.##.......gg........#.....##..
..........#g#.#..?.......#......)
............#.#...###..#.#....##.
.........g###....... ........##.
.................................
######............###. ##.....#.
#...8#.#.g###.#.#.# ####....#.)


You could see 2 gnolls.

Vanquished Creatures
  An ogre (D:3)
  Ijyb (D:3)
  2 gnolls (D:3)
  5 adders
  3 worms
  3 dart slugs
  2 orcs (D:3)
  6 bats
  7 endoplasms
  4 goblins
  4 hobgoblins
  11 jackals (D:1)
  5 kobolds
  A quokka (D:1)
  2 ball pythons
  3 frilled lizards
  8 rats
68 creatures vanquished.

Notes
Turn   | Place    | Note
-------+----------+-------------------------------------------
     0 | D:1      | qw the Minotaur Hexslinger began the quest for the Orb.
     0 | D:1      | Reached XP level 1. HP: 16/16 MP: 1/1
     0 | D:1      | 0 ||| qw: Version: 0.3-a-52-g30416fa
     0 | D:1      | 0 ||| qw: Game counter: 6613
     0 | D:1      | 0 ||| qw: Melee chars always use a shield: true
     0 | D:1      | 0 ||| qw: God list: Okawaru
     0 | D:1      | 0 ||| qw: Allow faded altars: false
     0 | D:1      | 0 ||| qw: Do Orc after clearing Dungeon:15 true
     0 | D:1      | 0 ||| qw: Do second Lair branch before Depths: true
     0 | D:1      | 0 ||| qw: Lair rune preference: random
     0 | D:1      | 0 ||| qw: Goals: Normal
     0 | D:1      | 0 ||| PLANNING D:1-11
    91 | D:1      | Reached skill level 3 in Ranged Weapons
    91 | D:1      | Reached XP level 2. HP: 23/23 MP: 2/2
   682 | D:1      | Reached XP level 3. HP: 29/29 MP: 3/3
  1206 | D:1      | 1206 ||| UPGRADING to +2 pair of gloves.
  1211 | D:1      | 1211 ||| READING scroll labelled NETIEBRATU.
  1216 | D:1      | 1216 ||| READING scroll labelled ZEC FAYKLYDAN.
  1217 | D:1      | 1217 ||| READING scroll labelled JYKEUDW UDDUQE.
  1218 | D:1      | 1218 ||| READING scroll labelled JABIOGGIPSA.
  1219 | D:1      | 1219 ||| READING scroll labelled QEGIBO NOMIAMO.
  1220 | D:1      | 1220 ||| DRINKING 2 coppery potions.
  1221 | D:1      | 1221 ||| DROPPING scroll of poison.
  1280 | D:2      | Reached skill level 4 in Ranged Weapons
  1865 | D:2      | Reached XP level 4. HP: 29/36 MP: 4/4
  2164 | D:2      | 2164 ||| UPGRADING to +0 ring mail.
  2174 | D:2      | 2174 ||| DROPPING +0 robe.
  2175 | D:2      | 2175 ||| DRINKING 2 emerald potions.
  2176 | D:2      | 2176 ||| DRINKING 2 amethyst potions.
  2177 | D:2      | 2177 ||| DRINKING 2 fizzy cyan potions.
  2276 | D:3      | Found a faded altar of an unknown god.
  2289 | D:3      | Reached skill level 1 in Armour
  2342 | D:3      | Noticed an ogre
  2348 | D:3      | Killed an ogre
  2349 | D:3      | Reached skill level 5 in Ranged Weapons
  2349 | D:3      | Reached XP level 5. HP: 24/41 MP: 5/5
  2431 | D:3      | Noticed Ijyb
  2453 | D:3      | Killed Ijyb
  2454 | D:3      | Reached skill level 3 in Fighting
  2659 | D:3      | Reached skill level 6 in Ranged Weapons
  2774 | D:3      | Found an iron altar of Okawaru.
  2775 | D:3      | 2775 ||| PLANNING OKAWARU WORSHIP
  2775 | D:3      | 2775 ||| UPGRADING to +1 leather armour of positive energy.
  2785 | D:3      | 2785 ||| DROPPING +0 ring mail.
  2786 | D:3      | 2786 ||| READING scroll labelled UGGAUS BOSI.
  2787 | D:3      | 2787 ||| DRINKING 2 fizzy ruby potions.
  2788 | D:3      | 2788 ||| DROPPING potion of attraction.
  2794 | D:3      | Became a worshipper of Warmaster Okawaru
  2795 | D:3      | 2795 ||| PLANNING D:1-11
  2809 | D:3      | 2809 ||| FLEEEEING.
  2810 | D:3      | 2810 ||| FLEEEEING.
  2813 | D:3      | 2813 ||| FLEEEEING.
  2814 | D:3      | 2814 ||| FLEEEEING.
  2816 | D:3      | 2816 ||| FLEEEEING.
  2817 | D:3      | 2817 ||| FLEEEEING.
  2818 | D:3      | 2818 ||| FLEEEEING.
  2820 | D:3      | 2820 ||| FLEEEEING.
  2821 | D:3      | 2821 ||| FLEEEEING.
  2823 | D:3      | 2823 ||| FLEEEEING.
  2834 | D:3      | HP: 11/45 [gnoll/+0 flail (9)]
  2835 | D:3      | 2835 ||| DRINKING potion of heal wounds.
  2843 | D:3      | HP: 10/45 [gnoll/+2 spear of pain (3)]
  2847 | D:3      | HP: 3/45 [gnoll/+2 spear of pain (6)]
  2849 | D:3      | Slain by a gnoll

Levels and vault maps discovered:
D:1:      minmay_arrival_jagged, layout_basic, kennysheep_flooded_box,
          columned_hall_lemuel
D:2:      layout_basic, minmay_strange_pillars, minmay_misc_feat_doors
D:3:      layout_basic, mainiacjoe_overflow_alcove_2,
          shapermc_ecumenical_altar_starsandcircs,
          hangedman_abyss_or_decor_lesser_grid, uniq_ijyb

Skill      XL: |  1  2  3  4  5 |
---------------+----------------+-----
Ranged Weapons | 3 4 5 6 |  6.0
Fighting       | 2 3 |  3.4
Armour         | 1 |  1.2
Dodging        | |  2.1
Spellcasting   | |  1.0
Hexes          | |  2.0

Action                     |  1- 3 |  4- 6 || total
---------------------------+-------+-------++-------
   Fire: Sling             |   151 |   119 ||   270
    Use: Scroll            |     5 |     1 ||     6
         Potion            |     1 |     5 ||     6
 Armour: Robe              |    19 |     1 ||    20
         Ring mail         |       |    19 ||    19
         Leather armour    |       |     5 ||     5
  Dodge: Dodged            |    65 |    48 ||   113

Table legend:
 A = Non-vault XP
 B = Vault XP
 C = Vault XP percentage of total XP
 D = Non-vault monster count
 E = Vault monster count
 F = Vault count percentage of total count
                 A         B        C        D         E       F
            +---------+---------+-------+---------+---------+-------
      Total |     335 |      36 |   9.7 |      67 |       1 |   1.5
            +---------+---------+-------+---------+---------+-------
        D:1 |      56 |       0 |   0.0 |      31 |       0 |   0.0
        D:2 |      55 |       0 |   0.0 |      16 |       0 |   0.0
        D:3 |     224 |      36 |  13.8 |      20 |       1 |   4.8
            +---------+---------+-------+---------+---------+-------
